 Dungeon Crawl Stone Soup version 0.28-a0-511-gcc94558de3 (webtiles) character file.

Game seed: 16588781451898256958

49 omnomnOMINOUS the Shooter (level 3, 0/24 HPs)
             Began as an Octopode Wanderer on Sept 21, 2021.
             Was a Follower of Vehumet.
             Succumbed to an adder's poison
             ... on level 3 of the Dungeon.
             The game lasted 00:03:39 (3565 turns).

omnomnOMINOUS the Shooter (Octopode Wanderer)       Turns: 3565, Time: 00:03:40

Health: 0/24       AC:  1    Str:  9    XL:     3   Next: 75%
Magic:  13/13      EV: 13    Int: 17    God:    Vehumet [*.....]
Gold:   61         SH:  0    Dex: 11    Spells: 1/4 levels left

rFire   + . .      SeeInvis .   a - +0 whip
rCold   + . .      Faith    .   (no shield)
rNeg    . . .      Spirit   .   (helmet restricted)
rPois   +          Reflect  .   (no amulet)
rElec   +          Harm     .   o - ring of magical power
rCorr   +          Rampage  .   (no ring)
Will    .....                   (no ring)
Stlth   +++.......              (no ring)
HPRegen 0.08/turn               (no ring)
MPRegen 0.13/turn               (no ring)
                                (no ring)
                                (no ring)

@: mighty, lethally poisoned (0 -> -2), resistant
A: almost no armour, amphibious, 8 rings, camouflage 1, gelatinous body 1,
(nimble swimmer 1), tentacles
a: Renounce Religion


You were on level 3 of the Dungeon.
You worshipped Vehumet.
Vehumet was aware of your devotion.
You visited 1 branch of the dungeon, and saw 3 of its levels.

You collected 61 gold pieces.

Inventory:

Hand Weapons
 a - a +0 whip (weapon)
 b - a +0 shortbow
 c - a +0 flail
 i - a +0 mace
Missiles
 g - 42 arrows
Jewellery
 o - a ring of magical power (left tentacle)
Scrolls
 d - 3 scrolls of teleportation {unknown}
 e - a scroll of brand weapon {unknown}
 h - a scroll of immolation {unknown}
 j - a scroll of identify {unknown}
Potions
 l - a potion of attraction {unknown}
 m - a potion of heal wounds {unknown}
 n - a potion of cancellation {unknown}


   Skills:
 + Level 2.3 Fighting
 - Level 4.0 Bows
 - Level 1.0 Throwing
 + Level 1.9 Dodging
 - Level 1.3 Stealth
 - Level 1.0 Spellcasting
 + Level 0.5 Conjurations
 - Level 1.0 Ice Magic
 + Level 1.3 Earth Magic


You had one spell level left.
You knew the following spells:

 Your Spells              Type           Power      Damage    Failure   Level
a - Stone Arrow           Conj/Erth      8%         3d7       41%         3

Your spell library contained the following spells:

 Spells                   Type           Power      Damage    Failure   Level
 Shock                    Conj/Air       4%         1d3       19%         1
 Sandblast                Erth           10%        2d5       13%         1
 Freeze                   Ice            16%        1d4       14%         1
 Passwall                 Tmut/Erth      2%         N/A       26%         2
 Frozen Ramparts          Ice            8%         1d2       38%         3
 Petrify                  Tmut/Erth      3%         N/A       86%         4


Dungeon Overview and Level Annotations

Branches:
Dungeon (3/15)

Altars:
Vehumet


Innate Abilities, Weirdness & Mutations

You cannot wear most types of armour.
You are amphibious.
You can wear up to eight rings at the same time.
Your skin changes colour to match your surroundings (Stealth+).
Your rubbery body absorbs attacks. (AC +1, EV +1)
((You are camouflaged near water. (Stealth+)))
You have tentacles for arms and can constrict up to eight enemies at once.


Message History

You now have 61 gold pieces (gained 11).
A dart slug comes into view.
Found a scroll labelled RIECEAX LAOPS.
A dart slug is nearby!
An adder comes into view.
The adder hisses angrily.
The adder closely misses you. The adder bites you.
You barely miss the adder. You grab the adder. You constrict the adder.
The adder bites you.
You are poisoned.
The adder poisons you! The dart slug closely misses you.
You hit the adder but do no damage.
The adder is lightly wounded.
You constrict the adder.
You feel sick. The adder misses you.
You hit the adder.
The adder is heavily wounded.
You constrict the adder.
You feel sick. The adder bites you. The dart slug closely misses you.
The adder bites you.
* * * LOW HITPOINT WARNING * * *
You are too injured to fight recklessly!
You are too injured to fight recklessly!
Unknown command.
You hit the adder but do no damage.
The adder is severely wounded.
You constrict the adder.
You feel sick. The adder bites you.
* * * LOW HITPOINT WARNING * * *
The dart slug launches a dart at you. The slug dart hits you.
* * * LOW HITPOINT WARNING * * *
It was a potion of resistance.
You feel protected.
You constrict the adder.
You kill the adder!
Vehumet accepts your kill.
* * * LOW HITPOINT WARNING * * *
You feel sick. The dart slug bites you.
* * * LOW HITPOINT WARNING * * *
It was a potion of might.
You feel very mighty all of a sudden.
You die...

#+ #.# ###.## #.#
..... #.# .###.#.
#.# .......## #.#
........#########.#
#...............#
#.....###########
#....@.# #...w..#
##.....# #....##
#?#### .. ... #..


You could see a dart slug.

Vanquished Creatures
  An adder (D:3)
  3 bats (D:1)
  2 endoplasms (D:2)
  3 giant cockroaches
  4 goblins
  7 hobgoblins
  A quokka (D:2)
  5 ball pythons
  3 frilled lizards
  3 kobolds (D:1)
  A quokka skeleton (D:3)
  4 rats
37 creatures vanquished.

Notes
Turn   | Place    | Note
-------+----------+-------------------------------------------
     0 | D:1      | omnomnOMINOUS the Octopode Wanderer began the quest for the
                  | Orb.
     0 | D:1      | omnomnOMINOUS set off with the following items: a +0
                  | shortbow, 28 arrows; and the following spells available to
                  | memorise: Freeze, Sandblast, Passwall, Frozen Ramparts,
                  | Stone Arrow, Petrify
     0 | D:1      | Reached XP level 1. HP: 13/13 MP: 2/2
   737 | D:1      | Reached skill level 1 in Dodging
   737 | D:1      | Reached XP level 2. HP: 18/18 MP: 3/3
  1774 | D:1      | Found a faded altar of an unknown god.
  1781 | D:1      | Became a worshipper of Vehumet
  1781 | D:1      | Reached * piety under Vehumet
  1781 | D:1      | Offered knowledge of Shock by Vehumet.
  2229 | D:1      | Reached XP level 3. HP: 24/24 MP: 4/4
  2233 | D:1      | Learned a level 3 spell: Stone Arrow
  3564 | D:3      | HP: 1/24 [dart slug (1)]
  3565 | D:3      | Succumbed to an adder's poison

Illustrated notes

Levels and vault maps discovered:
D:1:      amcnicky_arrival_double_pillar, layout_basic,
          dreamdust_ecumenical_altar_hidden_monk_grotto
D:2:      layout_loops_cross, serial_bayou, serial_bayou_lake_a,
          serial_bayou_pond_c, serial_bayou_ford_a, serial_bayou_lagoon_a,
          serial_bayou_crossing, serial_bayou_shore_b
D:3:      layout_loops_corners, serial_shops, nicolae_shop_window_shopping

Skill      XL: |  1  2 |
---------------+-------+-----
Dodging        | 1 |  1.9
Fighting       | 2 |  2.3
Bows           | |  4.0
Throwing       | |  1.0
Stealth        | |  1.3
Spellcasting   | |  1.0
Conjurations   | |  0.5
Ice Magic      | |  1.0
Earth Magic    | |  1.3

Action                   || total
-------------------------++-------
Melee: Club              ||    23
       Constrict         ||    20
       Tentacles         ||    13
       Whip              ||    59
       Flail             ||    10
 Fire: Shortbow          ||    11
  Use: Potion            ||     2
 Stab: Sleeping          ||     6
       Distracted        ||     1
Armor: Skin              ||    16
Dodge: Dodged            ||    55

Table legend: (Time is in decaauts)
 A = Elapsed time spent in this place.
 B = Non-inter-level travel time spent in this place.
 C = Inter-level travel time spent in this place.
 D = Time resting spent in this place.
 E = Time spent auto-exploring this place.
 F = Levels seen in this place.
 G = Mean time per level.
                   A        B        C        D        E       F      G
               +--------+--------+--------+--------+--------+-----+--------+
         Total |   3574 |   3518 |     56 |    503 |   2636 |   3 | 1191.3 |
       Dungeon |   3574 |   3518 |     56 |    503 |   2636 |   3 | 1191.3 |
               +--------+--------+--------+--------+--------+-----+--------+

Top non-repeatable levels by time:
     D:1: 2382 daAuts
     D:2: 1082 daAuts
     D:3: 109 daAuts
